 Dungeon Crawl Stone Soup version 0.31.0-11-ge490571c62 (webtiles) character file.

Game seed: 11598230625692624642

196 qw the Skirmisher (level 5, -5/29 HPs)
             Began as a Deep Elf Hunter on Feb 4, 2024.
             Slain by a gnoll bouda
             ... wielding a +0 club
              (9 damage)
             ... on level 4 of the Dungeon.
             The game lasted 00:00:09 (2214 turns).

qw the Skirmisher (Deep Elf Hunter)                 Turns: 2214, Time: 00:00:10

Health: -5/29      AC:  5    Str: 10    XL:     5   Next: 45%
Magic:  7/7        EV: 11    Int: 14    God:
Gold:   192        SH:  0    Dex: 18    Spells: 4/4 levels left

rFire   . . .        a - +0 shortbow
rCold   . . .        (shield currently unavailable)
rNeg    . . .        g - +0 ring mail
rPois   .            (no helmet)
rElec   .            (no cloak)
rCorr   +            (no gloves)
SInv    .            (no boots)
Will    .....        k - amulet of faith
Stlth   +            i - ring of resist corrosion
HPRegen 0.24/turn    (no ring)
MPRegen 0.10/turn

%: faith
@: weakened
A: no striking features
a: no special abilities


You were on level 4 of the Dungeon.
You visited 1 branch of the dungeon, and saw 4 of its levels.

You collected 192 gold pieces.


   Skills:
 + Level 1.5 Fighting
 - Level 9.0 Ranged Weapons
 - Level 2.4 Dodging
 - Level 1.2 Stealth


You had 4 spell levels left.
You didn't know any spells.
Your spell library was empty.

Inventory:

Hand Weapons
 a - a +0 shortbow (weapon)
Armour
 g - a +0 ring mail (worn)
Jewellery
 i - a ring of resist corrosion (left hand)
 k - an amulet of faith (around neck)
Scrolls
 l - a scroll of teleportation
Potions
 d - a potion of brilliance {unknown}
 e - 3 potions of curing
 f - a potion of enlightenment {unknown}
 j - a potion of attraction {unknown}
 m - a potion of might {unknown}

Dungeon Overview and Level Annotations

Branches:
Dungeon (4/15)
 Temple: D:4-7

Altars:
Hepliaklqana
Qazlal
Uskayaw
Yredelemnul


Message History

The arrow hits the gnoll but does no damage.
The gnoll bouda gazes fiercely through you!
You feel as though you will be weak longer.
You shoot an arrow. The arrow hits the gnoll.
The gnoll is heavily wounded.
The gnoll closely misses you.
You shoot an arrow.
The arrow hits the gnoll but does no damage.
The gnoll is heavily wounded.
The gnoll hits you from afar with a +0 spear.
The gnoll bouda gazes fiercely through you!
You feel as though you will be weak longer.
You shoot an arrow. The arrow hits the gnoll.
The gnoll is heavily wounded.
The gnoll hits you from afar with a +0 spear.
The gnoll bouda barks out a call to the hunt!
The gnolls pick up the pace!
You shoot an arrow. The arrow hits the gnoll.
The gnoll is almost dead.
The gnoll closely misses you.
The gnoll bouda gazes fiercely through you!
You feel as though you will be weak longer.
You shoot an arrow. The arrow hits the gnoll bouda.
The gnoll bouda is lightly wounded.
The gnoll barely misses you.
The gnoll bouda hits you with a +0 club.
You shoot an arrow. The arrow hits the gnoll bouda.
The gnoll bouda is lightly wounded.
The gnoll barely misses you.
You shoot an arrow. The arrow hits the gnoll bouda.
The gnoll bouda is heavily wounded.
The gnoll hits you with a +0 flail.
The gnoll hits you from afar with a +0 spear.
The gnoll bouda hits you with a +0 club.
You shoot an arrow.
The arrow barely misses the gnoll bouda.
The gnoll hits you with a +0 flail.
The gnoll hits you from afar with a +0 spear.
The gnoll bouda hits you with a +0 club!
You die...

#.# #.. #.#
#.# #.# #.#
#####.###
#...g@..#
.....g#g###
..).. #...#
....
#.<######
###
#..###..#
#..)....#.#
##.####.#.#
..># #.#.#
###.# #.#.#


You could see a gnoll bouda and 2 gnolls.

Vanquished Creatures
  A scorpion (D:3)
  4 gnolls
  4 adders
  A ribbon worm (D:3)
  6 orcs (D:3)
  6 ball pythons
  3 endoplasms
  2 giant cockroaches
  5 goblins
  6 hobgoblins
  2 quokkas
  5 bats
  3 frilled lizards
  2 kobolds
  7 rats
57 creatures vanquished.

Notes
Turn   | Place    | Note
-------+----------+-------------------------------------------
     0 | D:1      | qw the Deep Elf Hunter began the quest for the Orb.
     0 | D:1      | Reached XP level 1. HP: 12/12 MP: 3/3
     0 | D:1      | 0 ||| qw: Version: 0.3-a-160-g6735b56
     0 | D:1      | 0 ||| qw: Game counter: 5137
     0 | D:1      | 0 ||| qw: Melee chars always use a shield: true
     0 | D:1      | 0 ||| qw: God list: Okawaru
     0 | D:1      | 0 ||| qw: Allow faded altars: false
     0 | D:1      | 0 ||| qw: Do Orc after clearing Dungeon:15 true
     0 | D:1      | 0 ||| qw: Do second Lair branch before Depths: true
     0 | D:1      | 0 ||| qw: Lair rune preference: random
     0 | D:1      | 0 ||| qw: Goals: Normal
     0 | D:1      | 0 ||| PLANNING D:1-11
   348 | D:1      | Reached skill level 6 in Ranged Weapons
   348 | D:1      | Reached XP level 2. HP: 16/16 MP: 4/4
   837 | D:1      | 837 ||| UPGRADING to ring of resist corrosion.
   838 | D:1      | 838 ||| READING 4 scrolls labelled KEAZUIBAOS.
   839 | D:1      | 839 ||| READING scroll labelled BOSKEH ZUEF.
   842 | D:1      | 842 ||| DRINKING 2 fizzy emerald potions.
   843 | D:1      | 843 ||| DRINKING fuming clear potion.
   844 | D:1      | 844 ||| DRINKING fizzy orange potion.
   845 | D:1      | 845 ||| DROPPING scroll of butterflies.
   846 | D:1      | 846 ||| DROPPING 3 scrolls of amnesia.
   847 | D:1      | 847 ||| DROPPING potion of ambrosia.
   962 | D:2      | 962 ||| RETREEEEATING.
   964 | D:2      | 964 ||| RETREEEEATING.
   970 | D:2      | 970 ||| RETREEEEATING.
   974 | D:2      | Reached XP level 3. HP: 12/20 MP: 5/5
  1011 | D:2      | Reached skill level 7 in Ranged Weapons
  1081 | D:2      | Found a stormy altar of Qazlal.
  1279 | D:2      | Found a faded altar of an unknown god.
  1290 | D:2      | 1290 ||| UPGRADING to +0 ring mail.
  1300 | D:2      | 1300 ||| DROPPING +0 leather armour.
  1301 | D:2      | 1301 ||| READING scroll labelled DAKHLU TOVIEC.
  1496 | D:3      | Found a basalt altar of Yredelemnul.
  1508 | D:3      | Reached XP level 4. HP: 25/25 MP: 6/6
  1509 | D:3      | Noticed a scorpion
  1513 | D:3      | Killed a scorpion
  1514 | D:3      | Reached skill level 8 in Ranged Weapons
  1522 | D:3      | Found a hide-covered altar of Uskayaw.
  1654 | D:3      | Found a hazy altar of Hepliaklqana.
  1700 | D:3      | Reached XP level 5. HP: 29/29 MP: 7/7
  1858 | D:3      | 1858 ||| FLEEEEING.
  1859 | D:3      | 1859 ||| FLEEEEING.
  1860 | D:3      | 1860 ||| FLEEEEING.
  1861 | D:3      | 1861 ||| FLEEEEING.
  1862 | D:3      | 1862 ||| STAIRDANCE
  1913 | D:2      | 1913 ||| UPGRADING to amulet of faith.
  1918 | D:2      | 1918 ||| READING scroll labelled NIGUICLOBA.
  2019 | D:2      | 2019 ||| READING scroll labelled SADDAIT FUNUACH.
  2019 | D:2      | 2019 ||| IDENTIFYING smoky silvery potion
  2020 | D:2      | 2020 ||| DROPPING potion of invisibility.
  2203 | D:4      | Reached skill level 9 in Ranged Weapons
  2214 | D:4      | HP: 4/29 [gnoll/+0 spear[a gnoll bouda] (5)]
  2214 | D:4      | Slain by a gnoll bouda

Levels and vault maps discovered:
D:1:      dpeg_arrival_three_bigger_balls, layout_basic
D:2:      layout_rooms, basic_altar, hellmonk_ecumenical_altar_heavens_door
D:3:      layout_loops_cross, yredelemnul_altar_generic,
          nicolae_uskayaw_murder_on_the_dancefloor, lemuel_crystal_altar,
          kennysheep_generic_room_16
D:4:      dreamdust_elfheim, layout_basic, doesnt_xom_only_xom, serial_shops,
          shop, minmay_lizard_king

Skill      XL: |  1  2  3  4  5 |
---------------+----------------+-----
Ranged Weapons | 6 7 8 9 |  9.0
Fighting       | |  1.5
Dodging        | |  2.4
Stealth        | |  1.2

Action                     |  1- 3 |  4- 6 || total
---------------------------+-------+-------++-------
   Fire: Shortbow          |   120 |    76 ||   196
    Use: Potion            |     3 |       ||     3
         Scroll            |     3 |     2 ||     5
 Armour: Leather armour    |     8 |       ||     8
         Ring mail         |     5 |    24 ||    29
  Dodge: Dodged            |    21 |    18 ||    39

Table legend:
 A = Non-vault XP
 B = Vault XP
 C = Vault XP percentage of total XP
 D = Non-vault monster count
 E = Vault monster count
 F = Vault count percentage of total count
                 A         B        C        D         E       F
            +---------+---------+-------+---------+---------+-------
      Total |     267 |      13 |   4.6 |      56 |       1 |   1.8
            +---------+---------+-------+---------+---------+-------
        D:1 |      26 |       0 |   0.0 |      17 |       0 |   0.0
        D:2 |      50 |       0 |   0.0 |      15 |       0 |   0.0
        D:3 |     174 |      13 |   7.0 |      21 |       1 |   4.5
        D:4 |      17 |       0 |   0.0 |       3 |       0 |   0.0
            +---------+---------+-------+---------+---------+-------
